 Dungeon Crawl Stone Soup version 0.16-a0-3314-g628a0c2 (webtiles) character file.

86 vatarom the Cutter (level 4, -7/23 HPs)
             Began as a Vine Stalker Berserker on Dec 26, 2014.
             Was a Priest of Trog.
             Mangled by Sigmund
             ... wielding a +0 scythe
              (11 damage)
             ... on level 2 of the Dungeon.
             The game lasted 00:04:41 (1653 turns).

vatarom the Cutter (Vine Stalker Berserker)         Turns: 1653, Time: 00:04:42

Health: -7/23      AC:  4    Str: 21    XL:     4   Next: 49%
Magic:  0/5        EV: 12    Int:  4    God:    Trog [***...]
Gold:   162        SH:  0    Dex: 13    Spells: 0 memorised, 3 levels left

rFire  . . .     SeeInvis .     a - +1 short sword
rCold  . . .     Clarity  .     h - +0 leather armour
rNeg   . . .     SustAb   .     (no shield)
rPois  .         Gourm    .     d - +0 helmet
rElec  .         Spirit   +     (no cloak)
rCorr  .         Warding  .     (no gloves)
rMut   .         Stasis   .     (no boots)
MR     ++...                    (no amulet)
Stlth  +.........               (no ring)
                                f - -3 ring of intelligence (curse)

@: exhausted, regenerating, slowed, very slow, very resistant to hostile
enchantments, very unstealthy
A: fangs 2, regeneration 1, magic shield, antimagic bite, no device heal 3, rot
immunity
a: Burn Spellbooks, Berserk, Trog's Hand, Renounce Religion


You were on level 2 of the Dungeon.
You worshipped Trog.
Trog was most pleased with you.
You were very hungry.

You visited 1 branch of the dungeon, and saw 2 of its levels.

You collected 162 gold pieces.

Inventory:

Hand weapons
 a - a +1 short sword (weapon)
Missiles
 k - 8 silver tomahawks (quivered)
Armour
 d - a +0 helmet (worn)
 h - a +0 leather armour (worn)
Jewellery
 f - a cursed -3 ring of intelligence (left hand)
Scrolls
 g - a scroll of identify
Potions
 e - 2 potions of curing
Comestibles
 c - 2 bread rations
 j - 2 slices of pizza


   Skills:
 - Level 2.7 Fighting
 + Level 4.5 Short Blades
 - Level 1.7 Armour
 - Level 1.5 Dodging


You had 3 spell levels left.
You didn't know any spells.

Dungeon Overview and Level Annotations

Branches:
Dungeon (2/15)

Altars:

Annotations:
D:2 Sigmund


Innate Abilities, Weirdness & Mutations

You have extremely sharp teeth.
Your natural rate of healing is unusually fast.
When hurt, damage is shared between your health and your magic reserves.
Your bite disrupts and absorbs the magic of your enemies.
Potions and wands cannot restore your health.
You are immune to rotting.


Message History

* * * LOW HITPOINT WARNING * * *
You are too injured to fight recklessly!
You are too injured to fight recklessly!
You are too injured to fight recklessly!
Read which item? (? for menu, Esc to quit)
Okay, then.
Use which ability? (? or * to list)
Your skin crawls.
You feel resistant to hostile enchantments.
You feel slightly more hungry.
Sigmund mumbles some strange words.
Sigmund flickers and vanishes!
Deactivating autopickup; reactivate with Ctrl-A.
You hit something but do no damage. Something hits you.
* * * LOW HITPOINT WARNING * * *
You miss something. You bite something. You drain its magic.
You feel invigorated. Something hits you.
* * * LOW HITPOINT WARNING * * *
You hit something. Something hits you!
You die...

......,.,,,,,,,.!.,,,,,,,,,,,>,,,
####.#*.####**,#.#,*,***,********
...#.#*....,,*,#..,,,,**,*
##.#.###.#**,*,#.#,*,,,*,**
.#.#.....##*,*,#..,*,,,,,,*
.#.#......#*,*,#.##,,,,,,,*
.#.#......#*,*,#..*,,,.,,,*
.#...)....##,#,#{#*,,..$,,*
.####).....#,#[#@#*,....,,* .#
######.#.#.#.##......,* .#
#.#.#.?.........,* .#
#.#.###.###.....,*
.#########....##.####*##***
.#..................#
##............##.##.#
##...............##.#
.#............#..##.#


There were no monsters in sight!

Vanquished Creatures
  3 adders (D:2)
  A giant mite (D:2)
  A worm (D:2)
  3 giant geckos
  2 bats (D:2)
  2 giant cockroaches
  10 hobgoblins
  5 kobolds
  A quokka (D:2)
  4 giant newts (D:1)
  4 goblins
  7 rats
43 creatures vanquished.

Notes
Turn   | Place    | Note
--------------------------------------------------------------
     0 | D:1      | vatarom, the Vine Stalker Berserker, began the quest for the Orb.
     0 | D:1      | Reached XP level 1. HP: 11/11 MP: 1/1
   220 | D:1      | Reached skill level 3 in Short Blades
   220 | D:1      | Reached XP level 2. HP: 8/16 MP: 0/3
   572 | D:1      | Acquired Trog's second power
   867 | D:2      | Reached XP level 3. HP: 13/19 MP: 4/4
  1183 | D:2      | Reached skill level 4 in Short Blades
  1295 | D:2      | Reached XP level 4. HP: 14/23 MP: 5/5
  1642 | D:2      | Noticed Sigmund
  1653 | D:2      | Mangled by Sigmund

Action                   |  1- 3 |  4- 6 || total
-------------------------+-------+-------++-------
Melee: Short sword       |   102 |    47 ||   149
Invok: Berserk           |     1 |     2 ||     3
       Trog's Hand       |       |     1 ||     1
  Use: Scroll            |     5 |       ||     5
       Potion            |     2 |       ||     2
  Eat: Bread ration      |     1 |       ||     1
